Map: Stasis LE

Players

Patoumpalou

  • Race: Zerg Zerg
  • League: Master
  • Spawn Location: 1:00

Senryakku - Winner!

  • Race: Terran Terran
  • Spawn Location: 11:00

VOD

Have the link to the VOD?

Description

Time

  • Played on: Jan. 27, 2019, 2:42 p.m.
  • Length: 26:54
Show
View Real Time Build Order
Export as new Build Order

Patoumpalou Zerg 

Build Orders: Hatch First 

Get SALT Encoding   

  12  0:01  Drone  
  13  0:13  Overlord  
  13  0:18  Drone  
  14  0:33  Drone x2  
  16  0:36  Drone  
  17  0:55  Hatchery  
  17  0:56  Drone  
  17  1:12  Spawning Pool  
  17  1:13  Drone  
  17  1:33  Hatchery  
  17  1:37  Drone  
  17  1:40  Extractor  
  17  1:41  Drone  
  17  1:44  Drone  
  18  1:48  Drone  
  19  1:59  Queen  
  21  2:08  Queen  
  23  2:17  Drone x2  
  23  2:21  Drone  
  23  2:22  Drone  
  27  2:27  Drone  
  28  2:33  Overlord  
  28  2:39  Metabolic Boost  
  28  2:51  Queen  
  28  2:53  Drone x2  
  28  2:54  Drone  
  33  2:59  Drone x2  
  35  3:06  Drone  
  36  3:12  Queen  
  36  3:17  Zergling x6  
  36  3:19  Drone  
  42  3:26  Overlord  
  42  3:41  Baneling Nest  
  41  3:50  Drone, Overlord  
  42  4:01  Overlord  
  42  4:09  Zergling x2  
  44  4:10  Zergling x14  
  44  4:11  Overlord  
  50  4:19  Zergling x2  
  50  4:20  Zergling x6  
  55  4:31  Zergling x8  
  55  4:32  Zergling x8  
  60  5:02  Overlord x2  
  59  5:09  Evolution Chamber  
  58  5:20  Drone x3, Queen x2  
  64  5:22  Zergling x14  
  64  5:24  Drone x2  
  64  5:27  Baneling x5  
  64  5:28  Baneling x2  
  72  5:42  Drone  
  67  5:53  Zergling x8  
  67  6:02  Zergling x2  
  65  6:07  Zerg Ground Armor Level 1  
  65  6:08  Lair  
  65  6:09  Evolution Chamber  
  64  6:20  Baneling x2  
  64  6:21  Baneling x2, Queen  
  64  6:25  Queen  
  64  6:30  Spore Crawler  
  64  6:31  Spore Crawler  
  59  6:33  Spore Crawler  
  59  6:37  Spore Crawler  
  59  6:38  Overlord x2  
  59  6:39  Overlord  
  56  6:43  Spore Crawler  
  56  6:44  Spore Crawler  
  51  6:56  Queen  
  51  7:01  Queen  
  48  7:18  Drone  
  48  7:19  Drone x6  
  48  7:21  Drone x2  
  57  7:25  Hydralisk Den  
  57  7:26  Drone x7  
  57  7:27  Drone, Extractor  
  62  7:32  Queen  
  62  7:34  Drone x4  
  62  7:35  Drone x5  
  70  7:51  Drone x5  
  73  7:54  Extractor  
  73  7:55  Extractor  
  69  7:59  Grooved Spines  
  69  8:07  Zergling x2  
  69  8:08  Zergling x12, Queen  
  78  8:21  Zerg Missile Weapons Level 1  
  78  8:23  Spore Crawler  
  77  8:28  Overlord x3  
  77  8:32  Overlord  
  77  8:39  Queen  
  79  8:41  Hatchery  
  79  8:45  Hydralisk, Extractor  
  79  8:46  Hydralisk x4  
  87  9:06  Extractor  
  87  9:08  Hydralisk  
  87  9:09  Hydralisk x6  
  98  9:14  Drone x3  
  98  9:16  Drone x4  
  105  9:31  Hydralisk  
  105  9:32  Hydralisk x3  
  113  9:39  Muscular Augments  
  113  9:46  Overlord  
  113  9:47  Overlord x3  
  112  10:06  Drone x10, Queen  
  124  10:16  Infestation Pit  
  124  10:18  Hydralisk x3  
  124  10:19  Hydralisk x2  
  97  10:46  Hydralisk  
  97  10:47  Hydralisk x5  
  109  10:50  Zerg Ground Armor Level 2  
  109  10:51  Zerg Missile Weapons Level 2  
  109  10:54  Drone x4  
  113  11:00  Hive  
  113  11:03  Hydralisk  
  113  11:04  Hydralisk  
  113  11:05  Hatchery  
  104  11:32  Hydralisk x10  
  106  11:33  Hydralisk x2  
  106  11:36  Extractor  
  106  11:37  Extractor  
  126  11:50  Hydralisk x6  
  126  11:52  Overlord x2  
  136  12:13  Viper  
  136  12:14  Viper  
  142  12:17  Drone x3  
  142  12:18  Drone  
  146  12:24  Queen  
  146  12:29  Overlord x3  
  148  12:30  Viper x2, Roach Warren  
  148  12:32  Zergling x2  
  148  12:33  Zergling x4  
  156  12:43  Extractor  
  155  12:47  Extractor  
  154  12:55  Spire  
  154  12:57  Zergling x2  
  154  12:58  Hydralisk x5, Zergling x12  
  162  13:00  Viper  
  162  13:03  Hydralisk, Zergling x4  
  177  13:20  Zerg Ground Armor Level 3  
  177  13:30  Roach x10  
  148  13:49  Zergling x2  
  148  13:50  Zergling x26  
  148  13:51  Zergling x2  
  142  14:01  Zergling x10  
  142  14:02  Zergling x12  
  131  14:10  Drone x3  
  104  14:55  Hydralisk x2, Roach x2  
  104  14:56  Hydralisk x8, Roach x5  
  104  14:57  Hydralisk x4  
  131  15:14  Drone x3  
  132  15:15  Drone x2  
  132  15:16  Hydralisk  
  132  15:17  Hydralisk x3  
  144  15:24  Pathogen Glands  
  144  15:32  Queen  
  144  15:35  Drone x2  
  148  15:46  Viper x2  
  148  15:47  Viper x3  
  148  16:03  Hydralisk x7  
  148  16:04  Hydralisk x2  
  138  16:35  Hatchery  
  137  16:46  Hydralisk, Roach  
  136  16:47  Hydralisk x14  
  163  17:13  Viper x4  
  163  17:15  Overlord x2  
  175  17:16  Hydralisk x6  
  146  17:50  Viper x5  
  158  17:52  Hydralisk  
  158  17:53  Hydralisk x10  
  158  17:55  Queen  
  182  18:28  Roach x6  
  182  18:29  Roach x3  
  200  18:47  Zerg Missile Weapons Level 3  
  200  18:49  Greater Spire  
  153  19:33  Hydralisk  
  153  19:34  Hydralisk x13  
  149  19:47  Hydralisk x5  
  149  19:48  Hydralisk x3  
  149  19:49  Roach  
  149  19:50  Roach x6  
  163  19:53  Overseer, Pneumatized Carapace  
  163  19:54  Overseer x2  
  163  19:55  Overseer x3  
  163  19:58  Corruptor x4  
  163  19:59  Corruptor x2  
  175  20:13  Extractor  
  174  20:16  Extractor  
  173  20:27  Hatchery  
  172  20:28  Roach  
  172  20:29  Roach x6  
  172  20:30  Roach x3  
  192  20:40  Brood Lord  
  192  20:41  Brood Lord  
  192  20:42  Brood Lord  
  198  20:44  Overseer x2  
  198  20:49  Brood Lord  
  139  21:40  Zergling x2  
  139  21:41  Zergling x24  
  139  21:43  Corruptor x4  
  139  21:44  Corruptor x3  
  152  21:58  Hydralisk  
  152  21:59  Hydralisk x14  
  179  22:11  Hydralisk  
  179  22:12  Hydralisk x3  
  175  22:36  Hydralisk x3  
  175  22:37  Hydralisk x6  
  177  22:40  Baneling x5  
  177  22:41  Baneling  
  193  22:48  Brood Lord x2  
  112  23:21  Viper x4  
  112  23:25  Hydralisk  
  112  23:26  Hydralisk x3  
  130  23:27  Roach x3  
  130  23:28  Roach x4  
  144  23:44  Corruptor x2  
  144  23:45  Corruptor x4  
  156  23:59  Overseer  
  156  24:00  Overseer  
  156  24:04  Overseer  
  156  24:05  Overseer  
  156  24:08  Drone x3  
  159  24:15  Zerg Melee Weapons Level 1  
  159  24:16  Zerg Flyer Armor Level 1  
  159  24:20  Brood Lord  
  161  24:55  Spine Crawler  
  161  24:56  Spore Crawler  
  161  24:58  Spine Crawler  
  158  25:10  Brood Lord  
  158  25:11  Brood Lord x2  
  126  25:25  Hydralisk x2  
  126  25:26  Hydralisk x4  
  126  25:27  Zergling x22  
  126  25:28  Zergling x12  
  102  25:43  Hydralisk  
  102  25:44  Hydralisk x6  
  99  26:00  Baneling x4  
  99  26:01  Baneling x2  
  99  26:04  Drone x7  
  106  26:09  Baneling x3, Hydralisk x2  
Show
View Real Time Build Order
Export as new Build Order

Senryakku Terran - Winner!

Build Orders:  

Get SALT Encoding   

  12  0:00  SCV  
  13  0:13  SCV  
  14  0:18  Supply Depot  
  14  0:25  SCV  
  15  0:39  SCV  
  15  0:41  Barracks  
  16  0:46  Refinery  
  16  0:52  SCV  
  17  1:04  SCV  
  18  1:16  SCV  
  19  1:29  Barracks Reactor  
  19  1:30  Orbital Command  
  19  1:41  Command Center  
  19  1:51  Supply Depot  
  19  1:55  SCV  
  20  2:10  SCV  
  20  2:11  Marine x2  
  24  2:22  SCV  
  24  2:24  Factory  
  24  2:28  Refinery  
  24  2:29  Marine x2  
  26  2:35  SCV  
  27  2:47  SCV  
  28  2:54  Orbital Command  
  28  2:59  SCV  
  29  3:11  SCV  
  29  3:12  Starport  
  30  3:14  Hellion x2  
  34  3:28  SCV  
  34  3:31  SCV  
  34  3:33  Refinery  
  36  3:38  Hellion x2  
  36  3:41  SCV  
  40  3:46  SCV  
  40  3:47  Supply Depot  
  41  3:51  Supply Depot, Viking  
  41  3:54  SCV  
  44  4:00  SCV  
  45  4:07  SCV  
  45  4:09  Hellion x2  
  50  4:11  Supply Depot  
  50  4:16  Starport  
  50  4:18  SCV  
  50  4:21  Fusion Core  
  51  4:29  SCV  
  51  4:30  SCV  
  53  4:33  Supply Depot  
  53  4:39  Barracks Tech Lab  
  53  4:41  SCV  
  53  4:42  SCV  
  55  4:54  SCV x2  
  55  4:56  Starport Tech Lab  
  55  4:57  Starport Tech Lab  
  57  5:03  Refinery  
  57  5:06  SCV x2  
  59  5:08  Supply Depot  
  59  5:16  Battlecruiser  
  59  5:18  Battlecruiser  
  71  5:28  SCV x2  
  73  5:40  Engineering Bay  
  73  5:41  Engineering Bay  
  73  5:43  Bunker  
  73  5:45  Supply Depot  
  73  5:48  Orbital Command  
  73  5:49  Supply Depot  
  69  5:51  Supply Depot  
  58  6:07  Hellion  
  58  6:10  Hellion  
  60  6:32  Factory Reactor  
  60  6:37  Battlecruiser  
  66  6:49  SCV x2  
  68  7:12  SCV x2  
  70  7:19  Hellion  
  70  7:21  Hellion  
  67  7:30  Orbital Command  
  67  7:33  Battlecruiser  
  64  7:58  Command Center  
  64  8:00  Command Center  
  64  8:11  Hellion x2  
  68  8:17  SCV  
  68  8:18  SCV  
  70  8:28  Factory  
  70  8:29  Factory x2  
  70  8:45  Barracks Tech Lab  
  70  8:58  Supply Depot  
  70  9:00  Supply Depot  
  70  9:01  Supply Depot  
  70  9:04  Weapon Refit  
  70  9:10  Hellion x2, SCV x2  
  70  9:16  Orbital Command  
  76  9:22  Supply Depot  
  76  9:24  SCV x2  
  78  9:35  Siege Tank x2  
  78  9:36  Siege Tank, Hellion  
  89  9:40  Planetary Fortress  
  89  9:49  SCV x3  
  92  10:01  Hellion x2  
  92  10:03  Armory  
  96  10:08  Armory  
  96  10:28  Siege Tank x3, Hellion x2  
  91  10:46  SCV x2  
  93  10:50  Infernal Pre-Igniter, Hellion x2  
  93  10:51  Terran Vehicle Weapons Level 1  
  93  10:54  SCV  
  93  10:55  SCV  
  93  10:56  Terran Vehicle And Ship Armor Level 1  
  99  10:58  SCV x2  
  99  11:03  Siege Tank  
  104  11:09  SCV x2  
  104  11:10  Refinery, SCV  
  107  11:11  Refinery  
  101  11:30  SCV x2  
  101  11:31  SCV  
  104  11:37  Siege Tank x3, Hellion x2  
  104  11:39  Starport Reactor  
  117  11:51  SCV x4  
  117  11:53  Factory, Starport Reactor  
  121  12:05  SCV x2  
  127  12:08  Hellion x2  
  127  12:12  Siege Tank  
  130  12:32  Hellion  
  140  12:37  Factory Reactor, Siege Tank x2, Hellion  
  140  12:38  Supply Depot  
  140  12:39  Supply Depot  
  142  12:44  Command Center, Hellion  
  142  12:59  Hellion x2  
  142  13:03  Viking x2  
  152  13:06  Hellion  
  152  13:09  Hellion x2  
  154  13:37  Hellion x2  
  154  13:38  Hellion  
  154  13:39  Viking x3  
  160  13:46  Hellion x2  
  134  13:54  Hellion x2  
  134  13:55  Viking  
  110  13:59  Hellion x2  
  106  14:04  Liberator x2  
  106  14:09  Viking  
  104  14:10  Siege Tank, Hellion  
  104  14:15  Siege Tank  
  108  14:20  Siege Tank  
  117  14:24  Hellion  
  117  14:25  Hellion  
  121  14:36  Hellion x2  
  125  14:43  Siege Tank  
  128  14:47  Siege Tank  
  128  14:52  Siege Tank  
  114  15:03  Hellion x4  
  122  15:10  Viking x4  
  130  15:14  Refinery  
  130  15:16  Refinery  
  130  15:17  Terran Vehicle Weapons Level 2  
  130  15:22  Terran Vehicle And Ship Armor Level 2  
  130  15:33  Planetary Fortress  
  120  15:44  Hellion  
  120  15:45  Hellion x3  
  120  15:46  Siege Tank  
  119  16:12  Hellion x4  
  127  16:27  Siege Tank x3  
  136  16:36  Hellion  
  136  16:37  Hellion x3  
  136  16:38  Viking x2, Command Center  
  136  16:39  Viking x2  
  142  17:03  Factory  
  142  17:10  Barracks x2, Barracks Tech Lab  
  142  17:13  Refinery  
  142  17:16  Ghost Academy  
  142  17:17  Refinery  
  98  17:50  Hellion x3  
  98  17:51  Hellion, Factory Tech Lab  
  105  17:54  Hellion x3  
  111  18:03  Planetary Fortress  
  111  18:08  Barracks Tech Lab x2  
  111  18:10  Personal Cloaking  
  111  18:11  Hellion x3  
  111  18:12  Hellion  
  119  18:13  Sensor Tower  
  119  18:15  Viking x4, Hellion x3  
  133  18:23  Terran Vehicle Weapons Level 3  
  133  18:24  Terran Vehicle And Ship Armor Level 3  
  133  18:30  Ghost  
  135  18:35  Ghost  
  135  18:37  Ghost  
  139  18:42  Neosteel Armor  
  139  18:47  SCV  
  140  18:50  SCV  
  140  18:54  SCV x2  
  143  18:59  SCV  
  143  19:02  SCV  
  145  19:06  Ghost x3  
  145  19:07  Hellion x2  
  145  19:08  Siege Tank x2, Hellion x2  
  157  19:27  Siege Tank, Hellion  
  144  19:35  Marine x2, Ghost  
  126  19:40  Siege Tank  
  111  19:52  Ghost  
  109  20:00  Supply Depot  
  109  20:02  Supply Depot  
  109  20:06  Siege Tank, Hellion x4  
  109  20:07  Siege Tank x2, Viking x4  
  126  20:08  Ghost x2  
  138  20:17  Nuke  
  138  20:19  Ghost Academy  
  138  20:20  Ghost Academy  
  138  20:24  Command Center  
  138  20:29  Ghost  
  138  20:30  Hellion x4  
  138  20:31  Siege Tank  
  138  21:07  Viking x2  
  138  21:09  Hellion x4  
  129  21:27  Viking x2  
  117  21:36  Marine x2  
  117  21:37  Siege Tank x2, Hellion x3  
  113  21:58  Ghost x2  
  113  21:59  Ghost  
  113  22:00  Hellion x4  
  126  22:02  Viking x3  
  128  22:14  Command Center  
  128  22:30  Ghost x3  
  128  22:33  Hellbat x3  
  128  22:34  Hellbat x2  
  128  22:35  Hellbat x2  
  148  22:49  Nuke x2  
  106  23:15  Ghost x3  
  106  23:16  Siege Tank, Hellbat x3  
  106  23:17  Siege Tank  
  115  23:27  Command Center  
  115  23:42  Siege Tank x2, Hellbat x4  
  115  23:43  Viking  
  115  23:45  Planetary Fortress  
  129  23:59  Liberator x4  
  129  24:04  Siege Tank x2  
  135  24:14  Siege Tank x2  
  153  24:59  Medivac x3  
  144  25:29  Viking x2, Ghost  
  144  25:30  Ghost x2  
  144  25:31  Siege Tank, Hellbat x3  
  159  25:51  Siege Tank, Hellbat x2  
  159  25:52  Siege Tank, Viking x2  
  159  25:54  Planetary Fortress  
  171  26:05  Hellion x2  
Tags
 
League
Master
Matchup
TvZ
Spawn Locations
Close Positions
Add a new tag
Caveats
  • Supply blocks, unpowered buildings, or Contaminate may cause inaccurate times.
  • Supply counts are checked every 10 seconds.